 Dungeon Crawl Stone Soup version 0.21.1-1-g345015fe64 (webtiles) character file.

91 Naru the Chopper (level 4, -6/34 HPs)
             Began as a Demonspawn Gladiator on June 20, 2018.
             Mangled by Sigmund
             ... wielding a +2 scythe of venom
              (9 damage)
             ... on level 3 of the Dungeon.
             The game lasted 00:06:38 (2503 turns).

Naru the Chopper (Demonspawn Gladiator)             Turns: 2503, Time: 00:06:39

Health: -6/34      AC:  8    Str: 14    XL:     4   Next: 33%
Magic:  4/4        EV: 12    Int: 11    God:
Gold:   87         SH:  0    Dex: 14    Spells: 3/3 levels left

rFire    . . .     SeeInvis .   l - +1 dagger
rCold    . . .     Gourm    .   m - +0 buckler
rNeg     . . .     Faith    .   b - +0 leather armour
rPois    .         Spirit   .   v - +2 helmet
rElec    .         Reflect  .   o - +1 cloak
rCorr    .         Harm     .   (no gloves)
MR       .....                  (no boots)
Stlth    ++++......             (no amulet)
HPRegen  0.11/turn              j - ring of stealth
MPRegen  0.09/turn              t - +2 ring of slaying

@: confused, lethally poisoned (-6 -> -14)
A: nightstalker 2
a: no special abilities


You were on level 3 of the Dungeon.
You were not hungry.

You visited 1 branch of the dungeon, and saw 3 of its levels.

You collected 87 gold pieces.

Inventory:

Hand Weapons
 a - a +0 war axe
 l - a +1 dagger (weapon)
Missiles
 d - 3 throwing nets (quivered)
 h - 42 bolts
 s - 66 arrows
Armour
 b - a +0 leather armour (worn)
 m - a +0 buckler (worn)
 o - a +1 cloak (worn)
 v - a +2 helmet (worn)
Jewellery
 j - a ring of stealth (left hand)
 t - a +2 ring of slaying (right hand)
 w - a +3 ring of intelligence
Scrolls
 e - 2 scrolls of identify
Potions
 k - a potion of might
 q - a potion of lignification {unknown}
 r - a potion of curing {unknown}
Comestibles
 f - 6 rations


   Skills:
 * Level 2.5 Fighting
 + Level 0.2 Short Blades
 * Level 3.6 Axes
 - Level 1.7 Throwing
 + Level 1.3 Armour
 + Level 2.8 Dodging
 + Level 1.3 Stealth


You had 3 spell levels left.
You didn't know any spells.

Dungeon Overview and Level Annotations

Branches:
Dungeon (3/15)

Altars:
Hepliaklqana

Annotations:
D:3 Sigmund


Innate Abilities, Weirdness & Mutations

You are significantly more attuned to the shadows.


Message History

A magic dart appears from out of thin air!
The magic dart hits you!
* * * LOW HITPOINT WARNING * * *
You closely miss something.
* * * LOW HITPOINT WARNING * * *
You feel sick. Something hits you but does no damage.
You hit something.
* * * LOW HITPOINT WARNING * * *
You feel sick.
You are confused.
You feel invigorated.
* * * LOW HITPOINT WARNING * * *
You feel sick.
You hear some strange, mumbled words.
A magic dart appears from out of thin air!
The magic dart hits you!
* * * LOW HITPOINT WARNING * * *
* * * LOW HITPOINT WARNING * * *
You feel sick. Something hits you!
You die...

..#..# ..#..# #########
...†.###.......#
..#..##..#####.#
..#......# #.#
.##...#..# #.#
###.#....#####.# .
......##....##.#####...
.........##.##..@.{..#
..######.##...###.####
.#######+#..#.###...
....##..........#####
###.##........#.# #
##........#.# #
##...<......
###+#.........###
................


There were no monsters in sight!

Vanquished Creatures
  A worker ant (D:2)
  An adder (D:2)
  2 oozes
  3 leopard geckos
  An orc (D:2)
  A ball python (D:1)
  A giant cockroach (D:2)
  8 goblins
  4 hobgoblins
  3 jackals (D:2)
  3 kobolds (D:1)
  A quokka (D:3)
  7 bats
  3 frilled lizards (D:1)
  5 rats
44 creatures vanquished.

Notes
Turn   | Place    | Note
-------+----------+-------------------------------------------
     0 | D:1      | Naru the Demonspawn Gladiator began the quest for the Orb.
     0 | D:1      | Reached XP level 1. HP: 16/16 MP: 1/1
    25 | D:1      | Reached skill level 3 in Axes
    28 | D:1      | Gained mutation: You are slightly more attuned to the shadows. [demonic ancestry]
    28 | D:1      | Reached XP level 2. HP: 22/22 MP: 2/2
   783 | D:1      | Reached XP level 3. HP: 25/27 MP: 3/3
  1721 | D:2      | Reached skill level 1 in Armour
  1721 | D:2      | Gained mutation: You are significantly more attuned to the shadows. [demonic ancestry]
  1721 | D:2      | Reached XP level 4. HP: 7/34 MP: 4/4
  1722 | D:2      | Reached skill level 1 in Stealth
  2456 | D:3      | Found a hazy altar of Hepliaklqana.
  2485 | D:3      | Noticed Sigmund
  2502 | D:3      | HP: 1/34 [something/magic dart (6)]
  2503 | D:3      | Mangled by Sigmund

Skill      XL: |  1  2  3  4 |
---------------+-------------+-----
Axes           | 3 |  3.6
Armour         | 1 |  1.3
Stealth        | 1 |  1.3
Fighting       | |  2.5
Short Blades   | |  0.2
Throwing       | |  1.7
Dodging        | |  2.8

Action                   |  1- 3 |  4- 6 || total
-------------------------+-------+-------++-------
Melee: War axe           |    76 |       ||    76
       Dagger            |    59 |    36 ||    95
  Use: Scroll            |     1 |     6 ||     7
       Potion            |     1 |     2 ||     3
 Stab: Sleeping          |     9 |     5 ||    14
  Eat: Ration            |     1 |     1 ||     2
Armor: Leather armour    |    51 |    10 ||    61
Dodge: Dodged            |    89 |    16 ||   105
Block: Buckler           |     8 |     7 ||    15
